 Dungeon Crawl Stone Soup version 0.31-a0-188-g5e087ee2ca (webtiles) character file.

Game seed: 7090899858484737732

32 qw the Shooter (level 3, -2/20 HPs)
             Began as a Deep Elf Hunter on June 22, 2023.
             Killed from afar by Natasha (4 damage)
             ... with a magic dart
             ... on level 2 of the Dungeon.
             The game lasted 00:00:20 (784 turns).

qw the Shooter (Deep Elf Hunter)                     Turns: 784, Time: 00:00:20

Health: -2/20      AC:  6    Str: 10    XL:     3   Next: 8%
Magic:  5/5        EV: 11    Int: 13    God:
Gold:   20         SH:  0    Dex: 18    Spells: 2/2 levels left

rFire   . . .        Y - +0 shortbow
rCold   . . .        (shield currently unavailable)
rNeg    . . .        f - +0 ring mail
rPois   .            (no helmet)
rElec   .            (no cloak)
rCorr   .            d - +0 pair of gloves
SInv    +            (no boots)
Will    .....        (no amulet)
Stlth   +            h - ring of see invisible
HPRegen 0.23/turn    (no ring)
MPRegen 0.09/turn

%: no passive effects
@: no status effects
A: no striking features
a: no special abilities


You were on level 2 of the Dungeon.
You visited 1 branch of the dungeon, and saw 2 of its levels.

You collected 20 gold pieces.


   Skills:
 - Level 1.5 Fighting
 + Level 6.7 Ranged Weapons
 - Level 2.4 Dodging
 - Level 1.2 Stealth


You had 2 spell levels left.
You didn't know any spells.
Your spell library was empty.

Inventory:

Hand Weapons
 Y - a +0 shortbow (weapon)
Armour
 a - a +2 helmet
 d - a +0 pair of gloves (worn)
 f - a +0 ring mail (worn)
Jewellery
 h - a ring of see invisible (left hand)
Potions
 e - a potion of lignification {unknown}
 g - a potion of berserk rage {unknown}

Dungeon Overview and Level Annotations

Branches:
Dungeon (2/15)

Altars:

Annotations:
D:2 Natasha


Message History

a - a +2 helmet
Found a book of Armaments.
You see here a book of Armaments.
An endoplasm comes into view.
Enter note:
Enter note:
Enter note: You shoot an arrow.
The arrow hits the endoplasm.
The endoplasm is almost dead.
Natasha, Servant of Life and Death comes into view.
You shoot an arrow. The arrow hits Natasha.
Natasha is moderately wounded.
You shoot an arrow. The arrow barely misses Natasha.
Natasha claws you but does no damage.
You shoot an arrow. The arrow barely misses the endoplasm.
Natasha claws you. The endoplasm freezes you.
You are frozen.
You shoot an arrow. The arrow hits the endoplasm.
You kill the endoplasm!
Natasha extends her claws.
Natasha casts a spell.
Natasha claws you.
You shoot an arrow. The arrow hits Natasha.
Natasha is moderately wounded.
Natasha claws you but does no damage.
You shoot an arrow. The arrow misses Natasha.
The arrow closely misses the cerulean imp.
The cerulean imp hits you from afar with a +0 spear.
Natasha claws you.
You shoot an arrow. The arrow barely misses Natasha.
The arrow hits the cerulean imp.
The cerulean imp is moderately wounded.
The cerulean imp barely misses you. Natasha claws you.
You shoot an arrow. The arrow closely misses Natasha.
The arrow barely misses the cerulean imp.
The cerulean imp hits you from afar with a +0 spear.
Natasha stares at you and mumbles some strange words.
The magic dart hits you.
You die...

#### #... #...
....#### .
#...##### ...
#......:#
.#...###...###.#
.....5h@#### #.#
.####...# #.####
#...# #....#
##### ####.# #.#
###.###
####.....#
#......#.#
#.##.#.#.#


You could see Natasha and a cerulean imp (summoned).

Vanquished Creatures
  2 dart slugs (D:1)
  4 bats (D:1)
  3 endoplasms
  2 giant cockroaches (D:1)
  3 goblins
  A hobgoblin (D:1)
  3 ball pythons (D:1)
  A frilled lizard (D:1)
  4 kobolds
  2 rats (D:1)
25 creatures vanquished.

Notes
Turn   | Place    | Note
-------+----------+-------------------------------------------
     0 | D:1      | qw the Deep Elf Hunter began the quest for the Orb.
     0 | D:1      | Reached XP level 1. HP: 12/12 MP: 3/3
     0 | D:1      | 0 ||| qw: Version: 0.3-a-9-g12657ce
     0 | D:1      | 0 ||| qw: Game counter: 2962
     0 | D:1      | 0 ||| qw: Always use a shield: true
     0 | D:1      | 0 ||| qw: God list: Okawaru
     0 | D:1      | 0 ||| qw: Allow faded altars: false
     0 | D:1      | 0 ||| qw: Do Orc after D:15 true
     0 | D:1      | 0 ||| qw: Do second Lair branch before Depths: true
     0 | D:1      | 0 ||| qw: Lair rune preference: random
     0 | D:1      | 0 ||| qw: Plans: Normal
     0 | D:1      | 0 ||| PLANNING D:1-11
   220 | D:1      | Reached XP level 2. HP: 16/16 MP: 4/4
   250 | D:1      | Reached skill level 6 in Ranged Weapons
   659 | D:1      | 659 ||| UPGRADING to +0 pair of gloves.
   664 | D:1      | 664 ||| UPGRADING to +0 ring mail.
   674 | D:1      | 674 ||| DROPPING +0 leather armour.
   675 | D:1      | 675 ||| UPGRADING to ring of see invisible.
   676 | D:1      | 676 ||| READING scroll labelled POYFUU COAQI.
   677 | D:1      | 677 ||| READING scroll labelled MEPHYGR LALA.
   678 | D:1      | 678 ||| DROPPING scroll of butterflies.
   722 | D:2      | Reached XP level 3. HP: 20/20 MP: 5/5
   776 | D:2      | Noticed Natasha
   783 | D:2      | HP: 4/20 [Natasha (5)]
   784 | D:2      | Killed from afar by Natasha

Levels and vault maps discovered:
D:1:      lightli_arrival_windingriver, layout_loops_ring
D:2:      layout_loops_cross, basic_altar, uniq_natasha

Skill      XL: |  1  2 |
---------------+-------+-----
Ranged Weapons | 6 |  6.7
Fighting       | |  1.5
Dodging        | |  2.4
Stealth        | |  1.2

Action                     || total
---------------------------++-------
   Fire: Shortbow          ||    79
    Use: Scroll            ||     2
 Armour: Leather armour    ||     7
         Ring mail         ||     2
  Dodge: Dodged            ||    13

Table legend:
 A = Non-vault XP
 B = Vault XP
 C = Vault XP percentage of total XP
 D = Non-vault monster count
 E = Vault monster count
 F = Vault count percentage of total count
                 A         B        C        D         E       F
            +---------+---------+-------+---------+---------+-------
      Total |      46 |       0 |   0.0 |      25 |       0 |   0.0
            +---------+---------+-------+---------+---------+-------
        D:1 |      40 |       0 |   0.0 |      22 |       0 |   0.0
        D:2 |       6 |       0 |   0.0 |       3 |       0 |   0.0
            +---------+---------+-------+---------+---------+-------
